 Dungeon Crawl Stone Soup version 0.18.1-48-g4cf74bf (webtiles) character file.

7382 Heedrag the Destroyer (level 10, -1/50 HPs)
             Began as a Deep Elf Conjurer on Sept 2, 2016.
             Was a Priest of Vehumet.
             Slain by a yak (12 damage)
             ... on level 10 of the Dungeon.
             The game lasted 00:25:15 (9395 turns).

Heedrag the Destroyer (Deep Elf Conjurer)           Turns: 9395, Time: 00:25:15

Health: -1/50      AC:  5    Str:  5 (8)  XL:     10   Next: 92%
Magic:  3/36       EV: 13    Int: 20 (21) God:    Vehumet [***...]
Gold:   561        SH:  0    Dex: 15      Spells: 4 memorised, 17 levels left

rFire  . . .     SeeInvis +     J - staff of wizardry
rCold  . . .     Gourm    .     a - +0 robe
rNeg   . . .     Faith    .     (no shield)
rPois  .         Spirit   .     e - +2 hat
rElec  .         Dismiss  .     (no cloak)
rCorr  .         Reflect  .     (no gloves)
SustAt .         Harm     .     (no boots)
MR     +....                    (no amulet)
Stlth  ++........               h - ring of magical power
                                Y - ring of see invisible

@: very slightly contaminated, somewhat resistant to hostile enchantments,
unstealthy
A: deterioration 2, shaggy fur 1, slow regeneration 1, evolution 1
a: Renounce Religion


You were on level 10 of the Dungeon.
You worshipped Vehumet.
Vehumet was most pleased with you.
You were not hungry.

You visited 2 branches of the dungeon, and saw 11 of its levels.

You collected 561 gold pieces.

Inventory:

Hand Weapons
 g - a +0 dagger
 t - a +0 spear
 D - a +1 dagger of venom
 G - a +3 scythe of protection
 P - a +0 mace of draining
Armour
 a - a +0 robe (worn)
 e - a +2 hat (worn)
 H - a +0 helmet
 M - a troll hide
 Z - the +10 plate armour "Esieschip" {Regen+ Dex+4}
   (You found it on level 8 of the Dungeon)

   It affects your dexterity (+4).
   It increases your rate of regeneration.
Magical Staves
 J - an uncursed staff of wizardry (weapon)
Jewellery
 h - a ring of magical power (right hand)
 B - an uncursed ring of protection from fire
 U - an uncursed ring of stealth
 Y - a ring of see invisible (left hand)
Wands
 p - a wand of confusion (21/48)
 E - a wand of digging (14/24)
 W - a wand of paralysis (8/24)
Scrolls
 d - 3 scrolls of magic mapping
 f - 11 scrolls of identify
 o - a scroll of teleportation
 q - 2 scrolls of noise
 u - a scroll of fog
 w - 4 scrolls of remove curse
 x - 2 scrolls of enchant armour {unknown}
 y - 4 scrolls of enchant weapon {unknown}
 L - 2 scrolls of random uselessness {unknown}
 O - a scroll of immolation {unknown}
 Q - a scroll of vulnerability {unknown}
 R - a scroll of holy word {unknown}
Potions
 i - 4 potions of invisibility {unknown}
 k - 4 potions of might {unknown}
 l - 2 potions of heal wounds {unknown}
 n - 2 potions of flight {unknown}
 r - 2 potions of resistance {unknown}
 s - 3 potions of lignification {unknown}
 z - a potion of brilliance {unknown}
 F - 2 potions of degeneration {unknown}
 I - 2 potions of curing {unknown}
 T - a potion of agility
Books
 b - a book of Conjurations

   Spells                             Type                      Level
   a - Magic Dart                     Conjuration                  1
   b - Searing Ray                    Conjuration                  2
   c - Dazzling Spray                 Conjuration/Hexes            3
   d - Fulminant Prism                Conjuration/Hexes            4
   e - Iskenderun's Mystic Blast      Conjuration                  4
   f - Iskenderun's Battlesphere      Conjuration/Charms           5
 C - Tasaelec's Grimoire of the Freezing Oath
   (You acquired it on level 10 of the Dungeon)

   Spells                             Type                      Level
   a - Cause Fear                     Hexes                        4
   b - Bolt of Cold                   Conjuration/Ice              6
   c - Invisibility                   Hexes                        6
   d - Ozocubu's Refrigeration        Ice                          6
 K - a book of the Sky

   Spells                             Type                      Level
   a - Summon Lightning Spire         Summoning/Air                4
   b - Airstrike                      Air                          4
   c - Silence                        Hexes/Air                    5
   d - Deflect Missiles               Charms/Air                   6
   e - Conjure Ball Lightning         Conjuration/Air              6
   f - Tornado                        Air                          9
 N - a book of Death

   Spells                             Type                      Level
   a - Corpse Rot                     Necromancy                   2
   b - Sublimation of Blood           Necromancy                   2
   c - Agony                          Necromancy                   5
   d - Dispel Undead                  Necromancy                   5
   e - Excruciating Wounds            Charms/Necromancy            5
   f - Bolt of Draining               Conjuration/Necromancy       5
 X - a book of Frost

   Spells                             Type                      Level
   a - Freeze                         Ice                          1
   b - Throw Frost                    Conjuration/Ice              2
   c - Ozocubu's Armour               Charms/Ice                   3
   d - Throw Icicle                   Conjuration/Ice              4
   e - Summon Ice Beast               Ice/Summoning                4
Comestibles
 c - 7 bread rations
 j - 9 beef jerkies
 m - a meat ration
 v - 16 fruits
 A - 3 slices of pizza
 S - 8 chunks of flesh


   Skills:
 - Level 2.4 Dodging
 - Level 2.4 Stealth
 + Level 11.3 Spellcasting
 * Level 13.4 Conjurations
 - Level 10.8 Charms
 + Level 1.4 Summonings
 + Level 1.2 Ice Magic


You had 17 spell levels left.
You knew the following spells:

 Your Spells              Type           Power        Failure   Level  Hunger
a - Magic Dart            Conj           ####         1%          1    None
b - Iskenderun's Mystic   Conj           ######..     1%          4    ##.....
c - Iskenderun's Battles  Conj/Chrm      ######..     1%          5    ####...
d - Summon Ice Beast      Ice/Summ       ###.....     16%         4    ##.....


Dungeon Overview and Level Annotations

Branches:
Dungeon (10/15)            Temple (1/1) D:5             Orc (0/2) D:10
   Lair: D:8-11

Altars:
Ashenzari
Cheibriados
Dithmenos
Elyvilon
Fedhas
Gozag
Kikubaaqudgha
Makhleb
Nemelex Xobeh
Okawaru
Pakellas
Qazlal
Ru
Sif Muna
Trog
Vehumet
Xom
Yredelemnul
Zin
The Shining One

Shops:
D:8 *


Innate Abilities, Weirdness & Mutations

Your body often deteriorates upon taking damage.
You are covered in fur (AC +1).
You regenerate slowly when monsters are visible.
You evolve.


Message History

Yer body deteriorates!
Ye feel dopey.
Tha yak gores ye!
Yer body deteriorates!
Ye feel weaken'd.
Tha yak barely misses ye.
Yer ice beast hits tha yak.
Yer ice beast freezes tha yak!
Yer ice beast hits tha yak.
Yer ice beast freezes tha yak!
Tha yak dies!
Vehumet accepts yer kill.
Tha yak gores ye!
* * * LOW HITPOINT WARNIN'
* * * Yer body deteriorates!
Ye feel weaken'd.
Castin': Magic Dart Confirm wit' . or Enter, or press ? or * ta list all spells.
Aimin': Magic Dart
Press: ? - help, Shift-Dir - straight line, f/p - yak
Aim: a yak (almost dead) Tha magic dart hits tha yak.
Tha yak be almost dead.
Tha yak gores ye!
Ye die...

#.......#.# #....# #.......+.#
#....# ### #.......#.# #.....
.... #.......#.# #..... .....
.........#.#.... #.....
.....#####'#...#.+...Y..#.....
...........#...#.#...YY.#.....
...........#####.#..Y...#.....
#........YY@...#.(....#.....
####'##..YY....#.Y...Y#.....
... #........##.....'.....
..... #...).....#.....#.....
....... #..[......#....<#Y....
....... #..<.[....#.....#..>..
....... #.........#.....#.....
....... #.........###''##(....
#.....................


You could see 2 yaks and 2 friendly ice beasts.

Vanquished Creatures
  A hill giant (D:8)
  2 trolls
  Sigmund (D:4)
  8 yaks
  A hippogriff (D:8)
  3 hungry ghosts
  Menkaure (D:4)
  2 black bears
  An ice beast (D:9)
  A sky beast (D:9)
  3 phantoms
  8 orc warriors
  4 ogres
  4 centaurs
  A big kobold (D:8)
  2 giant frogs
  3 jellies
  2 scorpions
  8 wights
  6 howler monkeys
  2 crimson imps
  A centaur zombie (D:6)
  A quasit (D:10)
  A wasp zombie (D:10)
  3 hounds
  A centaur skeleton (D:8)
  3 orc priests
  A giant frog skeleton (D:6)
  4 iguanas
  Natasha (thrice) (D:3)
  10 orc wizards
  9 worker ants
  A hound zombie (D:8)
  Robin (D:4)
  A worker ant zombie (D:8)
  2 howler monkey skeletons
  4 gnolls (D:2)
  7 adders
  A shadow imp (D:6)
  An ooze (D:4)
  An adder skeleton (D:4)
  2 worms (D:3)
  A dart slug (D:1)
  3 giant geckos
  44 orcs
  5 giant cockroaches
  12 goblins
  5 hobgoblins
  13 jackals
  2 quokkas
  7 bats
  7 giant newts
  A jackal zombie (D:8)
  13 kobolds
  A quokka skeleton (D:5)
  8 rats
244 creatures vanquished.

Vanquished Creatures (collateral kills)
  A yak (D:10)
1 creature vanquished.

Vanquished Creatures (others)
  A quokka (D:8)
1 creature vanquished.

Grand Total: 246 creatures vanquished

Notes
Turn   | Place    | Note
--------------------------------------------------------------
     0 | D:1      | Heedrag the Deep Elf Conjurer began the quest for the Orb.
     0 | D:1      | Reached XP level 1. HP: 10/10 MP: 6/6
   374 | D:1      | Reached XP level 2. HP: 12/15 MP: 1/8
  1235 | D:2      | Reached skill level 5 in Conjurations
  1235 | D:2      | Reached XP level 3. HP: 11/19 MP: 10/10
  1756 | D:2      | Reached XP level 4. HP: 24/24 MP: 12/12
  1803 | D:2      | Learned a level 4 spell: Iskenderun's Mystic Blast
  2062 | D:3      | Noticed a giant frog
  2066 | D:3      | Killed a giant frog
  2066 | D:3      | Reached skill level 5 in Spellcasting
  2066 | D:3      | Reached skill level 6 in Conjurations
  2066 | D:3      | Reached XP level 5. HP: 20/28 MP: 14/14
  2085 | D:3      | Learned a level 5 spell: Iskenderun's Battlesphere
  2138 | D:3      | Noticed Natasha
  2143 | D:3      | Killed Natasha
  2265 | D:3      | Noticed a centaur
  2275 | D:3      | Killed a centaur
  2275 | D:3      | Reached skill level 1 in Charms
  2275 | D:3      | Reached XP level 6. HP: 19/32 MP: 9/16
  2481 | D:3      | Noticed Natasha
  2486 | D:3      | Killed Natasha
  2527 | D:3      | Reached skill level 7 in Conjurations
  2626 | D:3      | Found a snail-covered altar of Cheibriados.
  2812 | D:4      | Found a sacrificial altar of Ru.
  2912 | D:4      | Noticed Menkaure
  2915 | D:4      | Killed Menkaure
  2921 | D:4      | Reached XP level 7. HP: 36/36 MP: 7/17
  3154 | D:4      | Noticed Robin
  3200 | D:4      | Killed Robin
  3269 | D:4      | Found a deep blue altar of Sif Muna.
  3272 | D:4      | Found a glowing silver altar of Zin.
  3278 | D:4      | Noticed Sigmund
  3326 | D:3      | Noticed Natasha
  3336 | D:3      | Killed Natasha
  3336 | D:3      | Reached skill level 8 in Conjurations
  3429 | D:4      | Killed Sigmund
  3605 | D:4      | Reached skill level 5 in Charms
  3637 | D:5      | Entered Level 5 of the Dungeon
  3662 | D:5      | Reached XP level 8. HP: 41/41 MP: 7/20
  3791 | D:5      | Reached skill level 9 in Conjurations
  4096 | D:5      | Found a staircase to the Ecumenical Temple.
  4146 | Temple   | Entered the Ecumenical Temple
  4196 | Temple   | Became a worshipper of Vehumet
  4942 | D:5      | Found an opulent altar of Gozag.
  4942 | D:5      | Found an iron altar of Okawaru.
  5191 | D:6      | Reached skill level 10 in Conjurations
  5938 | D:6      | Reached XP level 9. HP: 45/45 MP: 14/23
  6117 | D:6      | Reached * piety under Vehumet
  6117 | D:6      | Offered knowledge of Shock by Vehumet.
  6704 | D:7      | Reached skill level 11 in Conjurations
  7041 | D:8      | Found Tusais's General Store.
  7404 | D:8      | Reached ** piety under Vehumet
  7412 | D:8      | Offered knowledge of Freeze by Vehumet.
  7447 | D:8      | Got a smoking plate armour
  7448 | D:8      | Identified the +10 plate armour "Esieschip" {Regen+ Dex+4} (You found it on level 8 of the Dungeon)
  7476 | D:8      | Found a white marble altar of Elyvilon.
  7636 | D:8      | Noticed a hill giant
  7646 | D:8      | Killed a hill giant
  7646 | D:8      | Reached XP level 10. HP: 50/50 MP: 13/25
  7737 | D:8      | Reached skill level 12 in Conjurations
  7788 | D:8      | Reached skill level 10 in Spellcasting
  7968 | D:9      | Reached skill level 10 in Charms
  8019 | D:9      | Gained mutation: Your body sometimes deteriorates upon taking damage. [mutagenic meat]
  8020 | D:9      | Gained mutation: Your body often deteriorates upon taking damage. [mutagenic meat]
  8021 | D:9      | Gained mutation: You are covered in fur (AC +1). [mutagenic meat]
  8022 | D:9      | Gained mutation: You evolve. [mutagenic meat]
  8023 | D:9      | Gained mutation: You regenerate slowly when monsters are visible. [mutagenic meat]
  8209 | D:9      | Offered knowledge of Throw Frost by Vehumet.
  8249 | D:10     | Entered Level 10 of the Dungeon
  8664 | D:10     | Reached skill level 13 in Conjurations
  8717 | D:10     | Reached *** piety under Vehumet
  8785 | D:10     | Identified a scroll of acquirement
  8786 | D:10     | Identified Tasaelec's Grimoire of the Freezing Oath (You acquired it on level 10 of the Dungeon)
  9117 | D:10     | Learned a level 4 spell: Summon Ice Beast
  9153 | D:10     | Offered knowledge of Ignite Poison by Vehumet.
  9233 | D:10     | Found a staircase to the Orcish Mines.
  9373 | D:10     | Reached skill level 1 in Summonings
  9379 | D:10     | Reached skill level 1 in Ice Magic
  9395 | D:10     | Slain by a yak

Skill      XL: |  1  2  3  4  5  6  7  8  9 10 |
---------------+-------------------------------+-----
Spellcasting   | 4 5 6 8 9 11 | 11.3
Conjurations   | 5 6 7 8 10 11 13 | 13.4
Charms         | 1 3 5 7 9 10 | 10.8
Summonings     | 1 |  1.4
Ice Magic      | 1 |  1.2
Dodging        | |  2.4
Stealth        | |  2.4

Action                   |  1- 3 |  4- 6 |  7- 9 | 10-12 || total
-------------------------+-------+-------+-------+-------++-------
Melee: Unarmed           |     8 |       |       |       ||     8
       Dagger            |     1 |       |     3 |       ||     4
       Spear             |       |     1 |       |       ||     1
       Scythe            |       |       |    12 |       ||    12
       Staff             |       |       |     1 |       ||     1
 Cast: Magic Dart        |    68 |    94 |   254 |   124 ||   540
       Iskenderun's Myst |       |     9 |    36 |    22 ||    67
       Iskenderun's Batt |       |       |    25 |    25 ||    50
       Summon Ice Beast  |       |       |       |     2 ||     2
  Use: Scroll            |       |       |     7 |     2 ||     9
       Potion            |       |       |       |     5 ||     5
  Eat: Chunk             |     2 |     5 |    23 |    17 ||    47
Armor: Robe              |     4 |     1 |    28 |     4 ||    37
Dodge: Dodged            |    15 |     8 |    55 |    18 ||    96
